 Dungeon Crawl Stone Soup version 0.32-a0-350-g4f4d228785 (webtiles) character file.

Game seed: 10000572049554544303

26089 pokeman the Eclecticist (level 12, -43/70 HPs)
             Began as a Deep Elf Hedge Wizard on Feb 17, 2024.
             Was a High Priest of Vehumet.
             Shot with a bolt by a yaktaur captain (45 damage)
             ... on level 14 of the Dungeon.
             The game lasted 00:44:43 (16721 turns).

pokeman the Eclecticist (Deep Elf Hedge Wizard)    Turns: 16721, Time: 00:44:43

Health: -43/70     AC:  9    Str: 11    XL:     12   Next: 95%
Magic:  34/45      EV: 13    Int: 25    God:    Vehumet [*****.]
Gold:   861        SH:  5    Dex: 19    Spells: 24/48 levels left

rFire   + . .        B - staff of earth
rCold   . . .        (no shield)
rNeg    . . .        F - +1 robe of Ibixtaox {rPois Will- Str+4 Dex+5}
rPois   +            u - +2 helmet of the Evening {Stlth+}
rElec   .            h - +0 cloak
rCorr   .            e - +0 pair of gloves
SInv    +            (no boots)
Will    .....        c - amulet of reflection
Stlth   ++++         M - ring of see invisible
HPRegen 0.31/turn    s - ring of Brilliance {rF+ MP+9}
MPRegen 0.29/turn

%: reflection
@: no status effects
A: no striking features
a: Renounce Religion


You were on level 14 of the Dungeon.
You worshipped Vehumet.
Vehumet was extremely pleased with you.
You visited 2 branches of the dungeon, and saw 15 of its levels.

You collected 861 gold pieces.

Inventory:

Hand Weapons
 L - a +2 short sword of venom
Missiles
 v - a throwing net
Armour
 e - a +0 pair of gloves (worn)
 h - a +0 cloak (worn)
 u - the +2 helmet of the Evening (worn) {Stlth+}
   (You found it on level 5 of the Dungeon)

   Stlth+:    It makes you more stealthy.
 F - the +1 robe of Ibixtaox (worn) {rPois Will- Str+4 Dex+5}
   (You found it on level 8 of the Dungeon)

   Str+4:     It affects your strength (+4).
   Dex+5:     It affects your dexterity (+5).
   rPois:     It protects you from poison Will-: It decreases your willpower.
 G - the +3 leather armour "Doehat" {rElec Str+2 SInv Stlth+}
   (You found it on level 8 of the Dungeon)

   Str+2:     It affects your strength (+2).
   rElec:     It insulates you from electricity.
   SInv:      It lets you see invisible.
   Stlth+:    It makes you more stealthy.
 V - a +2 scale mail of cold resistance
 Y - a +0 buckler
Magical Staves
 B - a staff of earth (weapon)
Jewellery
 c - an amulet of reflection (around neck)
 q - a ring of protection from fire
 s - the ring of Brilliance (right hand) {rF+ MP+9}
   (You found it on level 4 of the Dungeon)

   [ring of magical power]

   rF+:       It protects you from fire.
   MP+9:      It affects your magic capacity (+9).
 M - a ring of see invisible (left hand)
 O - a ring of ice
Wands
 b - a wand of charming (10)
 S - a wand of mindburst (5)
Scrolls
 a - a scroll of fear {unknown}
 g - 4 scrolls of teleportation
 k - 4 scrolls of blinking
 r - a scroll of revelation
 A - 4 scrolls of enchant armour {unknown}
 D - 2 scrolls of enchant weapon {unknown}
 T - a scroll of silence {unknown}
 U - 2 scrolls of immolation {unknown}
 Z - a scroll of vulnerability {unknown}
Potions
 d - a potion of magic
 l - 6 potions of curing
 m - a potion of mutation {unknown}
 o - a potion of ambrosia {unknown}
 t - a potion of degeneration {unknown}
 x - a potion of cancellation {unknown}
 z - 2 potions of lignification {unknown}
 E - a potion of heal wounds {unknown}
 H - a potion of attraction {unknown}
 K - a potion of brilliance {unknown}
 N - a potion of berserk rage {unknown}
 P - 2 potions of haste {unknown}
 Q - 2 potions of resistance {unknown}
 R - 5 potions of might {unknown}
Miscellaneous
 W - a phantom mirror
 X - a box of beasts


   Skills:
 - Level 6.1 Fighting
 + Level 5.7 Armour
 - Level 3.3 Dodging
 - Level 3.0 Stealth
 * Level 18.8 Spellcasting
 + Level 11.3 Conjurations
 - Level 1.1 Summonings
 - Level 1.0 Necromancy
 - Level 1.1 Translocations
 - Level 1.1 Air Magic
 + Level 8.3 Earth Magic
 - Level 1.0 Alchemy
 - Level 1.0 Evocations


You had 24 spell levels left.
You knew the following spells:

 Your Spells              Type           Power      Damage    Failure   Level
a - Magic Dart            Conj           100%       1d8       0%          1
b - Mephitic Cloud        Conj/Alch/Air  46%        N/A       1%          3
c - Call Imp              Summ           58%        N/A       1%          2
d - Blink                 Tloc           58%        N/A       1%          2
e - Bombard               Conj/Erth      41%        9d7       1%          6
f - Lee's Rapid Deconstr  Erth           39%        3d19*     1%          5
g - Irradiate             Conj/Alch      26%        3d20      1%          5

Your spell library contained the following spells:

 Spells                   Type           Power      Damage    Failure   Level
 Freeze                   Ice            92%        1d9       1%          1
 Necrotise                Necr           100%       1d9       1%          1
 Slow                     Hex            92%        N/A       1%          1
 Cigotuvi's Dreadful Rot  Necr/Alch/Air  56%        N/A       1%          2
 Searing Ray              Conj           100%       2d8       1%          2
 Sublimation of Blood     Necr           28%        N/A       1%          2
 Frozen Ramparts          Ice            46%        1d7       1%          3
 Hailstorm                Conj/Ice       51%        3d10      1%          3
 Passwall                 Erth           78%        N/A       1%          3
 Fulminant Prism          Conj/Alch      26%        3d14      1%          4
 Animate Armour           Summ/Erth      100%       N/A       2%          4
 Ensorcelled Hibernation  Hex/Ice        46%        N/A       3%          2
 Fugue of the Fallen      Necr           28%        N/A       3%          3
 Swiftness                Air            29%        N/A       3%          3
 Vampiric Draining        Necr           28%        2d8       3%          3
 Petrify                  Alch/Erth      63%        N/A       3%          4
 Ozocubu's Armour         Ice            23%        N/A       6%          3
 Conjure Ball Lightning   Conj/Air       26%        3x3d7     7%          6
 Manifold Assault         Tloc           29%        N/A       13%         4
 Martyr's Knell           Necr/Summ      28%        N/A       13%         4
 Summon Lightning Spire   Summ/Air       29%        N/A       13%         4
 Curse of Agony           Necr           28%        N/A       34%         5
 Discord                  Hex            11%        N/A       100%        8
 Disjunction              Tloc           14%        N/A       100%        8


Dungeon Overview and Level Annotations

Branches:
Dungeon (14/15)            Temple (1/1) D:5            Lair (0/5) D:10
    Orc (0/2) D:9          Vaults (0/5) D:14

Altars:
Ashenzari
Cheibriados
Dithmenos
Elyvilon
Fedhas
Gozag
Hepliaklqana
Kikubaaqudgha
Makhleb
Nemelex Xobeh
Okawaru
Qazlal
Ru
Sif Muna
Trog
Uskayaw
Vehumet
Wu Jian
Xom
Yredelemnul
Zin
The Shining One
Beogh
Jiyva

Shops:
D:6 *

Annotations:
D:5 4 runed translucent doors
D:11 2 transporters


Message History

The centaur warrior wields a +0 orcbow.
The centaur warrior shoots an arrow.
The arrow barely misses you.
A yaktaur captain comes into view.
The yaktaur is engulfed in noxious fumes.
The yaktaur appears confused.
The yaktaur is engulfed in noxious fumes.
The yaktaur wields a +0 arbalest.
The yaktaur shoots a bolt.
The bolt misses you.
Unknown command.
The yaktaur mumbles something.
Casting: Mephitic Cloud (safe; 1% risk of failure)
Confirm with . or Enter, or press ? or * to list all spells.
Aiming: Mephitic Cloud (safe; 1% risk of failure)
Press: ? - help, Shift-Dir - straight line, p - yaktaur The ball explodes into a vile cloud!
The stinking cloud engulfs the yaktaur captain.
The yaktaur is engulfed in noxious fumes.
The yaktaur appears confused.
The yaktaur captain wields a +0 arbalest.
The yaktaur captain shoots a bolt.
The bolt hits you!!
Unknown command.
Unknown command.
Casting: Mephitic Cloud (safe; 1% risk of failure)
Confirm with . or Enter, or press ? or * to list all spells.
Aiming: Mephitic Cloud (safe; 1% risk of failure)
Press: ? - help, Shift-Dir - straight line, f - yaktaur
Aim: a yaktaur, wielding a +0 arbalest (noxious fumes, confused, chance to affect: 62%)
Okay, then.
Unknown command.
Found a gate to the Vaults.
The centaur warrior shoots an arrow.
The arrow hits you!!
The yaktaur is engulfed in noxious fumes.
The yaktaur appears confused.
The centaur warrior shoots an arrow.
The arrow hits you!!
* * * LOW HITPOINT WARNING * * *
Unknown command.
Okay, then.
The yaktaur captain shoots a bolt.
The bolt hits you!!!
Ouch! That really hurt!
You die...

###############
..........@...#
..........###.#
#.#.#.....#
.....c...# #
###§§.§.#
∩§§○☼§.c
#..☼§c§##.
.......# .c


You could see a yaktaur captain and a yaktaur (confused).

Vanquished Creatures
  Kirke (D:12)
  A hydra (D:14)
  A boulder beetle (D:13)
  3 two-headed ogres
  Urug (D:10)
  An arcanist (D:12)
  2 deep elf pyromancers
  5 manticores
  A salamander (shapeshifter) (D:13)
  4 cyclopes
  An ugly thing (D:13)
  Maurice (D:8)
  2 meliai (D:13)
  A gargoyle (D:11)
  2 unseen horrors
  5 large abominations (D:12)
  A komodo dragon (D:12)
  3 trolls
  A hornet (D:9)
  4 slime creatures (D:11)
  A shadow (D:13)
  6 small abominations (D:12)
  A vampire (D:13)
  21 yaks
  2 basilisks (D:13)
  A steam dragon (D:6)
  4 water moccasins
  An acid dragon (D:12)
  7 orc warriors
  A sky beast (D:8)
  2 laughing skulls (D:13)
  4 ogres
  3 phantoms
  2 centaurs (D:8)
  6 kobold brigands
  3 bullfrogs
  A gnoll sergeant (D:8)
  4 scorpions
  A wight (D:9)
  13 killer bees
  4 howler monkeys
  2 bombardier beetles (D:4)
  12 orc priests
  7 hounds
  3 gnoll boudas
  2 iguanas
  2 sleepcaps
  15 orc wizards
  A hound skeleton (D:3)
  9 adders
  22 gnolls
  2 shadow imps
  3 white imps (D:5)
  8 ufetubi
  An adder zombie (D:3)
  3 dart slugs
  2 ribbon worms
  56 orcs
  7 ball pythons
  3 endoplasms
  6 giant cockroaches
  8 goblins
  6 hobgoblins
  4 jackals (D:1)
  4 quokkas
  2 ball python skeletons (D:3)
  4 ball python zombies (D:3)
  A frilled lizard (D:1)
  A giant cockroach zombie (D:3)
  29 kobolds
  5 rats
359 creatures vanquished.

Vanquished Creatures (collateral kills)
  A meliai (D:13)
  2 killer bees
3 creatures vanquished.

Vanquished Creatures (others)
  2 humans (D:12)
  A gnoll (D:6)
  An orc (D:12)
4 creatures vanquished.

Grand Total: 366 creatures vanquished

Notes
Turn   | Place    | Note
-------+----------+-------------------------------------------
     0 | D:1      | pokeman the Deep Elf Hedge Wizard began the quest for the
                  | Orb.
     0 | D:1      | Reached XP level 1. HP: 10/10 MP: 7/7
   109 | D:1      | Found a faded altar of an unknown god.
   188 | D:1      | Reached XP level 2. HP: 16/16 MP: 1/9
   665 | D:1      | Reached skill level 5 in Spellcasting
   837 | D:1      | Reached XP level 3. HP: 20/20 MP: 11/11
   841 | D:1      | Learned a level 3 spell: Mephitic Cloud
   844 | D:1      | Learned a level 2 spell: Call Imp
   847 | D:1      | Learned a level 2 spell: Blink
  1007 | D:2      | Reached skill level 1 in Fighting
  1007 | D:2      | Reached skill level 1 in Armour
  1038 | D:2      | Reached XP level 4. HP: 11/25 MP: 2/13
  1364 | D:2      | Identified the +0 rapier "Zuddomau" {distort, rN++}
  1493 | D:2      | Found a shimmering blue altar of Sif Muna.
  1676 | D:2      | Reached skill level 6 in Spellcasting
  1676 | D:2      | Reached XP level 5. HP: 29/29 MP: 6/15
  2568 | D:3      | Reached skill level 1 in Alchemy
  2864 | D:3      | Found a faded altar of an unknown god.
  2880 | D:3      | Found a glowing golden altar of the Shining One.
  3075 | D:4      | Reached skill level 1 in Air Magic
  3075 | D:4      | Reached XP level 6. HP: 33/34 MP: 2/17
  3270 | D:4      | Reached skill level 7 in Spellcasting
  3530 | D:4      | Identified the ring of Brilliance {rF+ MP+9}
  3555 | D:4      | Reached XP level 7. HP: 39/39 MP: 17/20
  3908 | D:5      | Entered Level 5 of the Dungeon
  3914 | D:5      | Reached skill level 8 in Spellcasting
  4027 | D:5      | Found a staircase to the Ecumenical Temple.
  4035 | D:5      | Found a snail-covered altar of Cheibriados.
  4037 | Temple   | Entered the Ecumenical Temple
  4051 | Temple   | Became a worshipper of Vehumet
  4183 | D:5      | Found a blossoming altar of Fedhas.
  4286 | D:5      | Reached skill level 9 in Spellcasting
  4446 | D:5      | Found a large runed translucent door.
  4446 | D:5      | Noticed a wraith
  4447 | D:5      | Found a large runed translucent door.
  4448 | D:5      | Found a large runed translucent door.
  4448 | D:5      | Found a large runed translucent door.
  4506 | D:5      | Reached XP level 8. HP: 22/44 MP: 23/23
  4517 | D:5      | Reached skill level 5 in Conjurations
  4601 | D:5      | Identified the +2 helmet of the Evening {Stlth+}
  4966 | D:5      | Reached * piety under Vehumet
  4966 | D:5      | Offered knowledge of Shock by Vehumet.
  5012 | D:5      | Noticed a two-headed ogre
  5044 | D:5      | Killed a two-headed ogre
  5045 | D:5      | Reached skill level 11 in Spellcasting
  5423 | D:6      | Reached XP level 9. HP: 27/49 MP: 26/26
  5558 | D:6      | Found Eristeas's Gadget Gallery.
  5819 | D:6      | Reached ** piety under Vehumet
  6071 | D:6      | Offered knowledge of Static Discharge by Vehumet.
  6151 | D:6      | Reached skill level 12 in Spellcasting
  6483 | D:7      | Learned a level 5 spell: Irradiate
  6503 | D:7      | Noticed a troll
  6811 | D:6      | Killed a troll
  7163 | D:7      | Reached skill level 13 in Spellcasting
  7163 | D:7      | Reached skill level 1 in Evocations
  7348 | D:7      | Offered knowledge of Mercury Vapours by Vehumet.
  7551 | D:7      | Reached *** piety under Vehumet
  7901 | D:8      | Reached skill level 1 in Earth Magic
  7901 | D:8      | Reached XP level 10. HP: 20/56 MP: 29/29
  8075 | D:8      | Identified the +1 robe of Ibixtaox {rPois Will- Str+4
                  | Dex+5}
  8118 | D:8      | Noticed Maurice
  8138 | D:8      | Killed Maurice
  8336 | D:8      | Identified the +3 leather armour "Doehat" {rElec Str+2 SInv
                  | Stlth+}
  8453 | D:8      | Reached skill level 14 in Spellcasting
  9009 | D:9      | Offered knowledge of Volatile Blastmotes by Vehumet.
  9098 | D:9      | Reached skill level 1 in Necromancy
  9199 | D:9      | Found a hazy altar of Hepliaklqana.
  9506 | D:9      | Found a bloodstained altar of Trog.
  9571 | D:9      | Found a broken altar of Ashenzari.
  9598 | D:9      | Reached skill level 15 in Spellcasting
  9649 | D:9      | Found a roughly hewn altar of Beogh.
  9649 | D:9      | Found a staircase to the Orcish Mines.
  9660 | D:9      | Reached **** piety under Vehumet
  9674 | D:9      | Offered knowledge of Dazzling Flash by Vehumet.
  9875 | D:9      | Reached XP level 11. HP: 52/61 MP: 32/32
  9906 | D:9      | Reached skill level 5 in Armour
 10518 | D:10     | Entered Level 10 of the Dungeon
 10539 | D:10     | Found a staircase to the Lair.
 10629 | D:10     | Noticed Urug
 10647 | D:10     | Killed Urug
 10648 | D:10     | Reached skill level 5 in Earth Magic
 10815 | D:10     | Noticed a two-headed ogre
 10833 | D:10     | Killed a two-headed ogre
 10841 | D:10     | Reached ***** piety under Vehumet
 10842 | D:10     | Reached skill level 16 in Spellcasting
 10853 | D:10     | Offered knowledge of Airstrike by Vehumet.
 11238 | D:10     | Learned a level 5 spell: Lee's Rapid Deconstruction
 11804 | D:11     | Found a transporter.
 11804 | D:11     | Noticed a great orb of eyes
 11824 | D:11     | Noticed a two-headed ogre
 11828 | D:11     | Killed a two-headed ogre
 11840 | D:11     | Reached skill level 5 in Fighting
 11917 | D:11     | Found a transporter.
 12500 | D:11     | Found a viscous altar of Jiyva.
 12707 | D:12     | Reached skill level 10 in Conjurations
 12707 | D:12     | Identified the +2 hand axe of Superiority {antimagic,
                  | Str+6}
 12996 | D:12     | Noticed Kirke
 13013 | D:12     | Noticed a lindwurm
 13191 | D:11     | Reached skill level 17 in Spellcasting
 13316 | D:12     | Noticed a deep elf pyromancer
 13325 | D:12     | Killed a deep elf pyromancer
 13326 | D:12     | Reached XP level 12. HP: 39/68 MP: 25/35
 13418 | D:12     | Killed Kirke
 14052 | D:12     | Reached skill level 18 in Spellcasting
 14657 | D:13     | Found Con Cikh's General Store.
 14729 | D:13     | Noticed a boulder beetle
 14749 | D:13     | Killed a boulder beetle
 16109 | D:14     | Noticed a five-headed hydra
 16113 | D:14     | Offered knowledge of Bombard by Vehumet.
 16125 | D:13     | Learned a level 6 spell: Bombard
 16163 | D:14     | Killed a five-headed hydra
 16717 | D:14     | Noticed a centaur warrior
 16717 | D:14     | Noticed a yaktaur captain
 16720 | D:14     | Found a gate to the Vaults.
 16720 | D:14     | HP: 2/70 [centaur warrior/arrow (21)]
 16721 | D:14     | Shot with a bolt by a yaktaur captain

Illustrated notes

Levels and vault maps discovered:
D:1:      lightli_molten_gateway, layout_loops_cross,
          ebering_ecumenical_altar_webs
D:2:      layout_basic, basic_altar, kennysheep_cluttered_room,
          serial_bayou_ford_a
D:3:      layout_rooms, nicolae_overflow_ecumenical_swirl, serial_undead,
          serial_undead_a, serial_undead_a, serial_undead_e, serial_undead_e,
          serial_undead_d, serial_undead_b, serial_undead_d
D:4:      minmay_evil_eye, layout_cave_pools
D:5:      layout_loops_ring, cheibriados_altar_1,
          nicolae_overflow_hidden_temple, minmay_temple_entry_mini_moons,
          minmay_hollow_rounded_squares
D:6:      layout_gridville, grunt_ministairs_15, nicolae_shop_gadgets
D:7:      layout_rooms, nicolae_eternal_life
D:8:      layout_gridville, minmay_unpleasant_kobolds, uniq_maurice
D:9:      layout_basic, lemuel_crystal_altar, jmf_multi_god_temple, david_orc_5
D:10:     layout_long_grid, lair_entry_dummy, uniq_urug
D:11:     gammafunk_jiyva_shrine, layout_basic
D:12:     layout_roguey, laboratory, uniq_kirke
D:13:     layout_stronghold, serial_shops, kennysheep_mini_moat
D:14:     layout_big_octagon, david_vaults_2, nicolae_trove_entry_path_of_doom,
          nicolae_vehumet_radiance, uniq_roxanne
Temple:   compressed_dpeg_triangle_lava_temple

Skill      XL: |  1  2  3  4  5  6  7  8  9 10 11 12 |
---------------+-------------------------------------+-----
Spellcasting   | 5 6 7 9 11 13 15 17 18 | 18.8
Fighting       | 1 2 4 5 6 |  6.1
Armour         | 1 2 3 4 5 |  5.7
Conjurations   | 2 3 4 6 7 8 10 11 | 11.3
Stealth        | 3 |  3.0
Dodging        | 3 |  3.3
Alchemy        | 1 |  1.0
Air Magic      | 1 |  1.1
Evocations     | 1 |  1.0
Earth Magic    | 1 4 6 8 |  8.3
Necromancy     | 1 |  1.0
Summonings     | |  1.1
Translocations | |  1.1

Action                     |  1- 3 |  4- 6 |  7- 9 | 10-12 || total
---------------------------+-------+-------+-------+-------++-------
  Melee: Dagger            |    41 |    76 |   149 |   111 ||   377
         Whip              |       |       |    29 |    48 ||    77
         Short sword       |       |       |       |   136 ||   136
   Cast: Magic Dart        |    40 |   131 |   261 |   105 ||   537
         Mephitic Cloud    |     3 |     8 |    37 |    58 ||   106
         Call Imp          |       |       |     5 |     4 ||     9
         Irradiate         |       |       |     3 |    20 ||    23
         Blink             |       |       |     3 |     5 ||     8
         Lee's Rapid Decon |       |       |       |    77 ||    77
         Bombard           |       |       |       |     7 ||     7
  Evoke: Wand              |       |       |       |     1 ||     1
    Use: Potion            |       |       |       |     1 ||     1
         Scroll            |       |       |       |     8 ||     8
   Stab: Confused          |     1 |     3 |    21 |    56 ||    81
         Distracted        |       |       |     1 |       ||     1
         Sleeping          |       |       |     1 |       ||     1
 Armour: Robe              |    26 |    40 |   100 |   173 ||   339
         Skin              |       |       |       |     4 ||     4
  Dodge: Dodged            |    32 |    49 |   128 |   186 ||   395
  Block: Other             |       |       |    41 |    68 ||   109
         Reflection        |       |       |     3 |     2 ||     5

Table legend: (Time is in decaauts)
 A = Elapsed time spent in this place.
 B = Non-inter-level travel time spent in this place.
 C = Inter-level travel time spent in this place.
 D = Time resting spent in this place.
 E = Time spent auto-exploring this place.
 F = Levels seen in this place.
 G = Mean time per level.
                   A        B        C        D        E       F      G
               +--------+--------+--------+--------+--------+-----+--------+
         Total |  16747 |  15901 |    846 |   1445 |  11784 |  15 | 1116.5 |
       Dungeon |  16697 |  15868 |    829 |   1445 |  11784 |  14 | 1192.6 |
        Temple |     49 |     33 |     16 |      0 |      0 |   1 |   49.0 |
               +--------+--------+--------+--------+--------+-----+--------+

Top non-repeatable levels by time:
    D:12: 1702 daAuts
     D:6: 1657 daAuts
    D:13: 1568 daAuts
     D:9: 1548 daAuts
    D:11: 1357 daAuts
     D:5: 1314 daAuts
     D:2: 1181 daAuts
     D:8: 1174 daAuts
    D:10: 1134 daAuts
     D:7: 1078 daAuts
     D:1: 941 daAuts
     D:3: 932 daAuts
     D:4: 865 daAuts
    D:14: 241 daAuts
  Temple: 49 daAuts
